 Dungeon Crawl Stone Soup version 0.23-a0-712-g3a644c0 (webtiles) character file.

603 emperorscorpion the Archer (level 7, 0/58 HPs)
             Began as a Centaur Hunter on Jan 15, 2019.
             Killed by nerve-wracking pain
             ... invoked by Grinder
              (2 damage)
             ... on level 6 of the Dungeon.
             The game lasted 00:07:37 (5142 turns).

emperorscorpion the Archer (Centaur Hunter)         Turns: 5142, Time: 00:07:37

Health: 0/58       AC: 13    Str: 19    XL:     7   Next: 18%
Magic:  7/7        EV:  4    Int: 10    God:
Gold:   258        SH:  0    Dex: 13    Spells: 6/6 levels left

rFire    . . .     SeeInvis .   a - +1 shortbow
rCold    + . .     Gourm    .   (shield currently unavailable)
rNeg     . . .     Faith    .   u - +0 chain mail (curse)
rPois    .         Spirit   .   (no helmet)
rElec    .         Reflect  .   (no cloak)
rCorr    .         Harm     .   w - +0 pair of gloves
MR       .....                  n - +0 centaur barding
Stlth    ..........             (no amulet)
HPRegen  0.19/turn              i - +2 ring of strength
MPRegen  0.10/turn              v - ring of Kepsyoth {rC+ Dex+4}

@: very quick
A: large, hooves 3, deformed body, speed 2, tough skin 3
a: no special abilities


You were on level 6 of the Dungeon.
You were very hungry.

You visited 1 branch of the dungeon, and saw 6 of its levels.

You collected 258 gold pieces.

Inventory:

Hand Weapons
 a - a +1 shortbow (weapon)
 b - a +0 halberd
 l - a +0 short sword
Missiles
 d - 16 arrows (quivered)
Armour
 c - a +0 leather armour
 n - a +0 centaur barding (worn)
 u - a cursed +0 chain mail (worn)
 w - a +0 pair of gloves (worn)
Jewellery
 i - a +2 ring of strength (left hand)
 j - an uncursed ring of positive energy
 m - an uncursed ring of teleportation
 v - the ring of Kepsyoth (right hand) {rC+ Dex+4}
   (You found it on level 5 of the Dungeon)

   [ring of dexterity]

   It affects your dexterity (+4).
   It protects you from cold.
Scrolls
 e - 5 scrolls of identify
 h - 2 scrolls of remove curse
 p - 2 scrolls of teleportation
Potions
 g - a potion of resistance
 k - 2 potions of curing
 o - a potion of might {unknown}
 q - a potion of agility {unknown}
 r - 2 potions of haste {unknown}
 s - a potion of invisibility {unknown}
 t - a potion of berserk rage {unknown}
Comestibles
 f - 11 rations


   Skills:
 + Level 3.7 Fighting
 + Level 2.5 Polearms
 + Level 8.1 Bows
 + Level 2.0 Armour
 + Level 2.5 Dodging
 - Level 0.4 Stealth


You had 6 spell levels left.
You didn't know any spells.
Your spell library was empty.

Dungeon Overview and Level Annotations

Branches:
Dungeon (6/15)
 Temple: D:4-7

Altars:

Annotations:
D:6 Grinder


Innate Abilities, Weirdness & Mutations

You have hooves in place of feet.
Armour fits poorly on your strangely shaped body.
You cover ground very quickly.
You have extremely tough skin. (AC +3)


Message History

Firing (i - inventory)
d - 19 arrows (quivered)
Press: ? - help, Shift-Dir - straight line, f/p - Grinder
Aim: Grinder (severely wounded)
You shoot an arrow. The arrow hits Grinder.
Grinder is almost dead.
Grinder hits you!
* * * LOW HITPOINT WARNING * * *
Firing (i - inventory)
d - 18 arrows (quivered)
Press: ? - help, Shift-Dir - straight line, f/p - Grinder
Aim: Grinder (almost dead)
You shoot an arrow. The arrow closely misses Grinder.
Grinder gestures at you. You resist with significant effort.
Firing (i - inventory)
d - 17 arrows (quivered)
Press: ? - help, Shift-Dir - straight line, f/p - Grinder
Aim: Grinder (almost dead)
You shoot an arrow. The arrow closely misses Grinder.
Grinder gestures at you. Pain shoots through your body!
You die...

#..........#
#.........(#
#..........#
#..........#
#.=........#####
#......(...'...#
#..........###.#
##########5# #.#
###########@###.#
..(............#
....######.#.#.#
...######.#...#
##.##.....#####
#.......###
#.......#
#.......# ...#
##.##.###


You could see Grinder.

Vanquished Creatures
  A sky beast (D:5)
  A bullfrog (D:3)
  A howler monkey (D:5)
  A centaur zombie (D:6)
  A crimson imp (D:6)
  A hound (D:4)
  A centaur skeleton (D:4)
  A jelly (D:2)
  A worker ant (D:4)
  A worker ant zombie (D:5)
  3 gnolls (D:2)
  8 adders
  A shadow imp (D:5)
  An ooze (D:5)
  An adder skeleton (D:5)
  3 worms
  8 dart slugs
  2 leopard geckos
  A ball python (D:2)
  4 giant cockroaches
  7 goblins
  11 hobgoblins
  6 kobolds (D:1)
  5 quokkas
  15 bats
  6 frilled lizards
  A quokka skeleton (D:4)
  A quokka zombie (D:5)
  6 rats
100 creatures vanquished.

Notes
Turn   | Place    | Note
-------+----------+-------------------------------------------
     0 | D:1      | emperorscorpion the Centaur Hunter began the quest for the
                  | Orb.
     0 | D:1      | Reached XP level 1. HP: 17/17 MP: 1/1
    45 | D:1      | Reached XP level 2. HP: 24/24 MP: 2/2
   116 | D:1      | Reached skill level 6 in Bows
   493 | D:1      | Reached XP level 3. HP: 12/29 MP: 3/3
  1504 | D:2      | Reached skill level 7 in Bows
  1504 | D:2      | Reached XP level 4. HP: 37/37 MP: 4/4
  1753 | D:2      | Reached XP level 5. HP: 44/44 MP: 5/5
  1929 | D:2      | Found a faded altar of an unknown god.
  2203 | D:3      | Reached skill level 1 in Armour
  3628 | D:4      | Reached XP level 6. HP: 48/51 MP: 6/6
  3706 | D:4      | Reached skill level 1 in Polearms
  4040 | D:5      | Entered Level 5 of the Dungeon
  4180 | D:5      | Got an ancient ivory ring
  4192 | D:5      | Identified the ring of Kepsyoth {rC+ Dex+4} (You found it
                  | on level 5 of the Dungeon)
  4734 | D:5      | Noticed a sky beast
  4784 | D:5      | Killed a sky beast
  4784 | D:5      | Reached skill level 8 in Bows
  4784 | D:5      | Reached XP level 7. HP: 52/57 MP: 7/7
  5109 | D:6      | Noticed Grinder
  5126 | D:6      | Paralysed by Grinder for 7 turns
  5140 | D:6      | HP: 2/58 [Grinder (8)]
  5142 | D:6      | Killed from afar by Grinder

Vault maps used:
D:1:      onia_arrival_pyramid
D:2:      chequers_ecumenical_altar_island
D:3:      first_ration, kennysheep_generic_room_12
D:4:      corexii_leaking_fountain, hangedman_decor_riveting
D:6:      roderic_batcave, grunt_ministairs_1, uniq_grinder

Skill      XL: |  1  2  3  4  5  6 |
---------------+-------------------+-----
Bows           | 6 7 8 |  8.1
Fighting       | 3 |  3.7
Armour         | 1 2 |  2.0
Dodging        | 2 |  2.5
Polearms       | 2 |  2.5
Stealth        | |  0.4

Action                   |  1- 3 |  4- 6 |  7- 9 || total
-------------------------+-------+-------+-------++-------
Melee: Short sword       |    57 |    19 |       ||    76
       Kick              |    10 |    41 |     7 ||    58
       Halberd           |       |   209 |    29 ||   238
       Unarmed           |       |       |    12 ||    12
 Fire: Shortbow          |    65 |    49 |     7 ||   121
  Use: Scroll            |       |     6 |       ||     6
       Potion            |       |     1 |       ||     1
  Eat: Chunk             |     1 |     9 |       ||    10
Armor: Leather armour    |    32 |   129 |       ||   161
       Chain mail        |       |     3 |    17 ||    20
       Skin              |       |       |     1 ||     1
Dodge: Dodged            |    42 |   135 |    14 ||   191

Table legend:
 A = Non-vault XP
 B = Vault XP
 C = Vault XP percentage of total XP
 D = Non-vault monster count
 E = Vault monster count
 F = Vault count percentage of total count
                 A         B        C        D         E       F
            +---------+---------+-------+---------+---------+-------
      Total |     814 |      48 |   5.6 |      99 |       1 |   1.0
            +---------+---------+-------+---------+---------+-------
        D:1 |      52 |       0 |   0.0 |      29 |       0 |   0.0
        D:2 |     171 |       0 |   0.0 |      29 |       0 |   0.0
        D:3 |     142 |       0 |   0.0 |      20 |       0 |   0.0
        D:4 |     143 |       0 |   0.0 |       7 |       0 |   0.0
        D:5 |     256 |       0 |   0.0 |      12 |       0 |   0.0
        D:6 |      50 |      48 |  49.0 |       2 |       1 |  33.3
            +---------+---------+-------+---------+---------+-------
